 Dungeon Crawl Stone Soup version 0.30-a0-782-ge64f9170bb (console) character file.

Game seed: 8733464441011734970

38605 utis the Zephyrmancer (level 14, -5/82 HPs)
             Began as a Tengu Wanderer on Feb 26, 2023.
             Slain by a death yak (18 damage)
             ... on level 4 of the Lair of Beasts.
             The game lasted 02:02:24 (28429 turns).

utis the Zephyrmancer (Tengu Wanderer)             Turns: 28429, Time: 02:02:25

Health: -5/82      AC: 19    Str: 14    XL:     14   Next: 2%
Magic:  19/24      EV: 29    Int: 12    God:
Gold:   375        SH:  9    Dex: 24    Spells: 2/25 levels left

rFire   . . .      SeeInvis .    H - +2 trident (protect)
rCold   . . .      Faith    .    o - +3 buckler of the Furies {Harm}
rNeg    . . .      Spirit   .    R - +0 steam dragon scales
rPois   .          Reflect  .    (helmet restricted)
rElec   .          Harm     +    U - +2 cloak
rCorr   .          Rampage  .    r - +2 pair of gloves
Will    +....                    (boots unavailable)
Stlth   +++                      (no amulet)
HPRegen 0.33/turn                E - +5 ring of evasion
MPRegen 0.19/turn                X - +6 ring of dexterity

@: under a protective aura, flying quickly and evasively, quick
A: beak, talons 3, nimble flight
a: no special abilities


You were on level 4 of the Lair of Beasts.
You visited 3 branches of the dungeon, and saw 16 of its levels.

You collected 1172 gold pieces.
You spent 797 gold pieces at shops.

Inventory:

Hand Weapons
 a - a +1 trident of venom
 v - a +2 quarterstaff of draining
 H - a +2 trident of protection (weapon)
Missiles
 W - a throwing net {=f}
Armour
 o - the +3 buckler of the Furies (worn) {Harm}
   (You acquired it on level 7 of the Dungeon)

   Harm:      It increases damage dealt and taken.
 r - a +2 pair of gloves (worn)
 B - a +0 ring mail
 O - a +0 leather armour
 R - +0 steam dragon scales (worn)
 S - a scarf of harm
 U - a +2 cloak (worn)
 V - a +0 scale mail
Magical Staves
 j - a staff of death
 k - a staff of cold
 C - a staff of cold
Jewellery
 f - a ring of fire
 s - a ring of resist corrosion
 E - a +5 ring of evasion (left hand)
 F - a ring of protection from fire
 X - a +6 ring of dexterity (right hand)
Wands
 q - a wand of paralysis (8)
 u - a wand of iceblast (9)
 N - a wand of light (18)
 Y - a wand of mindburst (8)
 Z - a wand of flame (12)
Scrolls
 c - 2 scrolls of brand weapon
 d - 3 scrolls of fog
 e - 2 scrolls of amnesia
 h - 2 scrolls of fear
 n - 2 scrolls of noise
 p - 9 scrolls of teleportation {@r4}
 t - 3 scrolls of enchant weapon
 x - 4 scrolls of silence {!r}
 y - a scroll of identify {@r1}
 G - a scroll of magic mapping
 T - 3 scrolls of blinking
Potions
 b - 9 potions of curing {@q1}
 g - 8 potions of heal wounds {@q2}
 i - 3 potions of lignification
 l - a potion of mutation {!q}
 m - a potion of haste {@q3}
 w - 3 potions of flight
 z - 2 potions of magic
 A - a potion of ambrosia
 D - 3 potions of resistance
 L - 2 potions of invisibility
 P - a potion of might {unknown}
 Q - a potion of degeneration {unknown}
Miscellaneous
 I - a condenser vane


   Skills:
 - Level 7.3 Fighting
 - Level 1.0 Throwing
 - Level 5.8 Armour
 - Level 10.2 Dodging
 - Level 4.7 Stealth
 - Level 4.0 Shields
 - Level 6.0 Spellcasting
 - Level 11.0 Conjurations
 - Level 5.0 Hexes
 + Level 10.4 Summonings
 - Level 3.0 Translocations
 - Level 4.0 Transmutations
 - Level 5.0 Ice Magic
 - Level 12.0 Air Magic
 - Level 4.0 Poison Magic
 - Level 5.0 Evocations


You had 2 spell levels left.
You knew the following spells:

 Your Spells              Type           Power      Damage    Failure   Level
a - Apportation           Tloc           20%        N/A       7%          1
c - Freezing Cloud        Conj/Ice/Air   12%        6-21      14%         5
d - Mephitic Cloud        Conj/Pois/Air  25%        N/A       1%          3
g - Sting                 Tmut/Pois      52%        1d5       4%          1
o - Summon Small Mammal   Summ           100%       N/A       1%          1
v - Summon Mana Viper     Hex/Summ       22%        N/A       26%         5
z - Shock                 Conj/Air       100%       1d9       1%          1
W - Cigotuvi's Dreadful   Necr/Pois/Air  32%        N/A       4%          2
X - Kiss of Death         Conj/Necr      64%        2d10      2%          1
Y - Vhi's Electric Charg  Tloc/Air       42%        N/A       3%          3

Your spell library contained the following spells:

 Spells                   Type           Power      Damage    Failure   Level
 Magic Dart               Conj           100%       1d8       1%          1
 Poisonous Vapours        Pois/Air       44%        N/A       1%          2
 Searing Ray              Conj           60%        2d6       1%          2
 Ensorcelled Hibernation  Hex/Ice        30%        N/A       4%          2
 Wereblood                Tmut           13%        N/A       7%          2
 Necrotise                Necr           12%        1d4       22%         1
 Sublimation of Blood     Necr           3%         N/A       34%         2
 Confusing Touch          Hex            15%        N/A       9%          3
 Kindle Blastsparks       Fire/Tloc/Air  30%        2d12      9%          3
 Ozocubu's Armour         Ice            15%        N/A       9%          3
 Fulminant Prism          Conj/Hex       11%        3d8       9%          4
 Summon Ice Beast         Ice/Summ       22%        N/A       10%         4
 Spider Form              Tmut/Pois      13%        N/A       13%         3
 Ignite Poison            Fire/Tmut/Pois 9%         N/A       24%         3
 Olgreb's Toxic Radiance  Pois           13%        N/A       41%         4
 Anguish                  Hex/Necr       4%         N/A       63%         4
 Metabolic Englaciation   Hex/Ice        7%         N/A       63%         5
 Alistair's Intoxication  Tmut/Pois      8%         N/A       77%         5
 Animate Dead             Necr           3%         N/A       92%         4
 Dispel Undead            Necr           3%         3d7       92%         4
 Monstrous Menagerie      Summ           14%        N/A       95%         7
 Summon Hydra             Summ           14%        N/A       95%         7
 Agony                    Necr           3%         N/A       99%         5
 Simulacrum               Ice/Necr       4%         N/A       100%        6


Dungeon Overview and Level Annotations

Branches:
Dungeon (10/15)            Temple (1/1) D:4            Lair (5/5) D:10
 Shoals (0/4) Lair:2        Snake (0/4) Lair:3
  Slime: Lair:4-5       Orc: D:9-12

Altars:
Ashenzari
Hepliaklqana
Ru
Uskayaw
Wu Jian
Yredelemnul
The Shining One
Jiyva

Shops:
D:1 :?(*

Annotations:
Lair:5 exclusion: 2 oklob plants


Innate Abilities, Weirdness & Mutations

You have a beak for a mouth.
You have claws for feet.
Your magical nature lets you fly swiftly and evasively.


Message History

The death yak is engulfed in freezing vapours.
You kill the death yak!
You start resting.
Magic restored.
There is an escape hatch in the ceiling here.
There is a stone staircase leading down here.
You fly downwards.
Level annotation: exclusion: 2 oklob plants The death yak misses you.
There is a stone staircase leading up here.
The death yak gores you but does no damage.
You fly upwards.
There is a stone staircase leading down here.
Casting: Freezing Cloud (dangerous; 14% risk of failure)
Confirm with . or Enter, or press ? or * to list all spells.
Aiming: Freezing Cloud (dangerous; 14% risk of failure)
Press: ? - help, Dir - move target That beam is likely to hit you.
Continue anyway?
You are engulfed in freezing vapours.
The death yak is engulfed in freezing vapours.
The death yak barely misses you.
The death yak is engulfed in freezing vapours.
The death yak gores you!!
* * * LOW HITPOINT WARNING * * *
Unknown command.
Press: ? - help, v - describe, . - travel
Here: a death yak (freezing vapour, moderately wounded)
The floor.
Unknown command.
Unknown command.
You hit the death yak.
Your weapon exudes an aura of protection.
You claw the death yak. You peck the death yak.
The death yak is heavily wounded.
The death yak is engulfed in freezing vapours.
The death yak gores you!!
* * * LOW HITPOINT WARNING * * *
The death yak is engulfed in freezing vapours.
The death yak gores you!
You die...

░░....░░..░..
░░░.....░░░░░░░
░░..>..░░░ ░......░
░░░░.....░░
░░......░..░ ░░░
░.░.§.§...░░ ░░░░..
░░.☼░§░...░░ ░.░...
░░..QY○░....░░░░.....
░...§§░░░.....░......
░...░.░ ░░░........░░
░░...░░░ ░░......░░
░.....░ ░.....░░░
░░...░░ ░.....░
░...░░ ░░....░░
░....░ ░......░
░....░ ░░...░░░


You could see a death yak.

Vanquished Creatures
  Kirke (Lair:3)
  A dire elephant (Lair:3)
  Fannar (Lair:2)
  8 hydras
  A catoblepas (Lair:3)
  A boulder beetle (Lair:1)
  2 two-headed ogres (D:10)
  3 death yaks
  2 skysharks (Lair:3)
  A lindwurm (Lair:4)
  An oklob plant (Lair:3)
  6 black mambas
  A merfolk siren (Lair:2)
  Joseph (D:7)
  2 elephants
  4 gargoyles
  A torpor snail (Lair:3)
  7 cane toads
  3 rime drakes
  7 komodo dragons
  3 polar bears
  A troll (D:10)
  A nameless horror (Lair:3)
  A hornet (D:7)
  10 blink frogs
  A dream sheep (Lair:3)
  19 yaks
  10 wyverns
  4 basilisks
  2 vampire mosquitoes (D:10)
  2 steam dragons
  An acid dragon (D:8)
  Edmund (D:4)
  8 water moccasins
  4 orc warriors
  A sky beast (D:6)
  An ice beast (D:4)
  3 black bears
  The ghost of HoaS the Shooter, an amateur DgHu (D:4)
  2 centaurs
  4 wolves (Lair:3)
  A phantom (D:4)
  12 bullfrogs
  6 scorpions
  A necrophage (D:8)
  Blork the orc (D:4)
  5 wights
  13 killer bees
  3 electric eels
  6 howler monkeys
  3 jellies
  Crazy Yiuf (D:7)
  9 orc priests
  3 hounds
  5 iguanas
  7 orc wizards
  2 bullfrog simulacra (D:4)
  A scorpion simulacrum (D:4)
  A gnoll (D:3)
  6 adders
  2 hound simulacra (D:4)
  A shadow imp (D:5)
  2 white imps
  2 ufetubi
  2 worms (D:2)
  6 dart slugs
  29 orcs
  7 ball pythons
  7 bats
  5 endoplasms
  7 giant cockroaches
  9 goblins
  11 hobgoblins
  7 jackals
  11 kobolds
  4 quokkas
  2 frilled lizards
  A quokka simulacrum (D:4)
  8 rats
343 creatures vanquished.

Vanquished Creatures (collateral kills)
  A black mamba (Lair:4)
  A wyvern (Lair:5)
  A water moccasin (Lair:5)
3 creatures vanquished.

Vanquished Creatures (others)
  2 humans (Lair:4)
  A bullfrog (Lair:4)
  42 fungi
  55 plants
  10 toadstools (Lair:4)
110 creatures vanquished.

Grand Total: 456 creatures vanquished

Notes
Turn   | Place    | Note
-------+----------+-------------------------------------------
     0 | D:1      | utis the Tengu Wanderer began the quest for the Orb.
     0 | D:1      | utis set off with the following items: a +0 dagger, a
                  | potion of curing {@q1}, a +0 leather armour, a scroll of
                  | fog; and the following spells available to memorise: Sting,
                  | Shock, Mephitic Cloud, Spider Form, Vhi's Electric Charge.
     0 | D:1      | Reached XP level 1. HP: 14/14 MP: 3/3
     2 | D:1      | Learned a level 1 spell: Shock
     4 | D:1      | Learned a level 1 spell: Sting
   182 | D:1      | Reached XP level 2. HP: 14/19 MP: 2/4
   445 | D:1      | Found Ynniqafi's Assorted Antiques.
   450 | D:1      | Reached skill level 1 in Transmutations
   536 | D:1      | Found Baikk's Weapon Boutique.
   581 | D:1      | Reached skill level 1 in Dodging
   820 | D:1      | Reached XP level 3. HP: 15/23 MP: 2/5
  1041 | D:1      | Found Yzoje's Book Boutique.
  1493 | D:1      | Found Gamatur's Magic Scroll Emporium.
  1510 | D:1      | Bought a scroll of noise for 14 gold pieces
  1971 | D:2      | Reached XP level 4. HP: 28/28 MP: 2/6
  2898 | D:1      | Bought a scroll of teleportation for 42 gold pieces
  3164 | D:3      | Learned a level 3 spell: Mephitic Cloud
  3349 | D:3      | Gained mutation: Your magical nature lets you fly swiftly
                  | and evasively. [Tengu growth]
  3349 | D:3      | Reached XP level 5. HP: 32/32 MP: 2/8
  3555 | D:3      | Reached skill level 2 in Air Magic
  3831 | D:3      | Reached skill level 1 in Conjurations
  4331 | D:4      | Found a runed translucent gate.
  4331 | D:4      | Found a runed translucent gate.
  4359 | D:4      | Noticed an ice beast
  4374 | D:4      | Noticed HoaS's ghost (amateur DgHu)
  4404 | D:4      | Found a runed translucent gate.
  4425 | D:4      | Noticed Edmund
  4481 | D:4      | Killed Edmund
  4482 | D:4      | Reached XP level 6. HP: 36/37 MP: 5/10
  4490 | D:4      | Learned a level 1 spell: Apportation
  4492 | D:4      | Learned a level 1 spell: Summon Small Mammal
  4630 | D:4      | Noticed Blork the orc
  4643 | D:4      | Killed Blork the orc
  4644 | D:4      | Reached skill level 3 in Air Magic
  4735 | D:4      | Found a staircase to the Ecumenical Temple.
  5010 | D:1      | Bought a glowing quarterstaff for 175 gold pieces
  5146 | Temple   | Entered the Ecumenical Temple
  5334 | D:4      | Reached XP level 7. HP: 18/41 MP: 7/11
  5427 | D:4      | Learned a level 3 spell: Vhi's Electric Charge
  5450 | D:4      | Found a broken altar of Ashenzari.
  5922 | D:5      | Entered Level 5 of the Dungeon
  6379 | D:5      | Reached skill level 8 in Air Magic
  6379 | D:5      | Reached XP level 8. HP: 52/52 MP: 12/12
  6390 | D:5      | Reached skill level 5 in Armour
  6390 | D:5      | Reached skill level 10 in Conjurations
  6390 | D:5      | Reached skill level 10 in Air Magic
  6390 | D:5      | Reached XP level 9. HP: 56/56 MP: 12/15
  6632 | D:5      | Found a hide-covered altar of Uskayaw.
  6632 | D:5      | Found a sacrificial altar of Ru.
  7526 | D:1      | Bought 2 scrolls labelled KANKUO TUTUB for 50 gold pieces
  7529 | D:1      | Bought a sapphire potion for 22 gold pieces
  7668 | D:4      | Killed HoaS's ghost
  7669 | D:4      | Reached skill level 1 in Summonings
  7669 | D:4      | Reached skill level 1 in Translocations
  8481 | D:6      | Found a hazy altar of Hepliaklqana.
  8488 | D:6      | Learned a level 5 spell: Freezing Cloud
  8499 | D:6      | Found a basalt altar of Yredelemnul.
  8836 | D:6      | Reached XP level 10. HP: 61/61 MP: 12/16
  9508 | D:7      | Noticed Joseph
  9546 | D:7      | Killed Joseph
  9666 | D:7      | Reached skill level 1 in Ice Magic
  9722 | D:7      | Found a runed translucent door.
  9723 | D:7      | Noticed Crazy Yiuf
  9908 | D:7      | Killed Crazy Yiuf
 10117 | D:8      | Got the Directory of Impurities and Gloom
 10596 | D:8      | Noticed a gargoyle
 11035 | D:8      | Learned a level 1 spell: Kiss of Death
 11113 | D:8      | Noticed a gargoyle
 11281 | D:7      | Identified a scroll of acquirement
 11465 | D:8      | Killed a gargoyle
 11513 | D:8      | Acquired the +3 buckler of the Furies {Harm}
 11596 | D:8      | Noticed a gargoyle
 11621 | D:8      | Killed a gargoyle
 11622 | D:8      | Reached skill level 1 in Shields
 11679 | D:8      | Noticed a gargoyle
 12185 | D:7      | Killed a gargoyle
 14119 | D:8      | Killed a gargoyle
 14120 | D:8      | Reached XP level 11. HP: 30/66 MP: 8/18
 14936 | D:9      | Noticed a two-headed ogre
 16202 | D:10     | Entered Level 10 of the Dungeon
 16345 | D:10     | Reached skill level 10 in Dodging
 16538 | D:10     | Noticed a two-headed ogre
 16553 | D:10     | Killed a two-headed ogre
 16616 | D:10     | Reached skill level 11 in Air Magic
 16677 | D:10     | Found a staircase to the Lair.
 16992 | D:10     | Found an ornate altar of the Wu Jian Council.
 17044 | D:10     | Killed a two-headed ogre
 17045 | D:10     | Reached skill level 5 in Spellcasting
 17133 | D:10     | Found a glowing golden altar of the Shining One.
 17379 | Lair:1   | Entered Level 1 of the Lair of Beasts
 17851 | Lair:1   | Reached skill level 5 in Evocations
 17851 | Lair:1   | Reached XP level 12. HP: 41/46 MP: 10/20
 18310 | Lair:1   | Noticed a boulder beetle
 18949 | Lair:1   | Killed a boulder beetle
 19708 | Lair:2   | Noticed Fannar
 19877 | Lair:2   | Killed Fannar
 21114 | Lair:2   | Found a staircase to the Shoals.
 21307 | Lair:2   | Reached skill level 12 in Air Magic
 21499 | Lair:2   | Reached skill level 5 in Ice Magic
 21500 | Lair:2   | Reached skill level 1 in Stealth
 22096 | Lair:3   | Noticed a four-headed hydra
 22137 | Lair:3   | Killed a four-headed hydra
 22428 | D:1      | Bought a book of Beasts for 494 gold pieces
 22434 | D:1      | Learned a level 5 spell: Summon Mana Viper
 22686 | Lair:4   | Noticed Kirke
 22923 | Lair:3   | Noticed a six-headed hydra
 22954 | Lair:3   | Noticed a seven-headed hydra
 22955 | Lair:3   | Found a staircase to the Snake Pit.
 22995 | Lair:3   | Reached skill level 1 in Hexes
 23594 | Lair:3   | Killed a seven-headed hydra
 23595 | Lair:3   | Reached XP level 13. HP: 76/76 MP: 15/21
 23695 | Lair:3   | Reached skill level 5 in Summonings
 26171 | Lair:4   | Reached skill level 5 in Hexes
 26689 | Lair:3   | Killed Kirke
 27160 | Lair:4   | Noticed a dire elephant
 27182 | Lair:4   | Found a runed translucent door.
 27647 | Lair:4   | Reached skill level 10 in Summonings
 27932 | Lair:3   | Killed a dire elephant
 27987 | Lair:4   | Learned a level 2 spell: Cigotuvi's Dreadful Rot
 28124 | Lair:5   | Entered Level 5 of the Lair of Beasts
 28124 | Lair:5   | Found a viscous altar of Jiyva.
 28234 | Lair:5   | Reached XP level 14. HP: 82/82 MP: 19/24
 28429 | Lair:4   | Slain by a death yak

Illustrated notes

Levels and vault maps discovered:
D:1:      dpeg_arrival_morbid_curiosity, layout_loops_ring, serial_shops,
          nicolae_shop_waterfront, nicolae_shop_waterfront, nicolae_shop_stone,
          shop_fountains
D:2:      layout_loops_ring, dreamdust_wishing_well
D:3:      layout_basic, minmay_joined_circles
D:4:      layout_basic, mainiacjoe_overflow_brackets,
          minmay_temple_entry_mini_moons, gammafunk_ghost_icy,
          uniq_blork_the_orc, uniq_edmund
D:5:      layout_cave_pods, gammafunk_temple_overflow_elements
D:6:      layout_basic, nicolae_overflow_squiral, minmay_misc_feat_chi,
          kennysheep_generic_room_14
D:7:      layout_cave_pools, uniq_crazy_yiuf_cottage, uniq_joseph
D:8:      cheibrodos_statue_roulette, layout_basic
D:9:      layout_gridville
D:10:     layout_rooms, mainiacjoe_overflow_two_lobes, david_lair_generic
Temple:   bh_familiar_temple
Lair:1:   layout_loops_ring, special_room, chequers_serial_rivers_micro_e,
          st_stairs_12, serial_bayou_shore_a, infiniplex_staircase_pool
Lair:2:   layout_hall_layers, minmay_shoals_entry_lonely_mermaid, uniq_fannar
Lair:3:   nzn_winding_woodlands_large [nzn_winding_woodlands_5x5_checkerboard,
          nzn_winding_woodlands_5x15_cabin, nzn_winding_woodlands_hourglass,
          nzn_winding_woodlands_center_garden,
          nzn_winding_woodlands_15x15_killbox,
          nzn_winding_woodlands_center_lodge,
          nzn_winding_woodlands_5x5_closed_star,
          nzn_winding_woodlands_5x15_split_checker,
          nzn_winding_woodlands_5x5_default], layout_gridlike,
          serial_bayou_shore_b
Lair:4:   gammafunk_lair_enchanted_lake, layout_concentric_octagons, uniq_kirke
Lair:5:   evil_forest, layout_big_grid, minmay_slime_entry_oklob_open,
          st_stairs_12, serial_bayou_shore_b, grunt_megastairs_2, uniq_nessos

Skill      XL: |  1  2  3  4  5  6  7  8  9 10 11 12 13 |
---------------+----------------------------------------+-----
Transmutations | 1 2 3 4 |  4.0
Dodging        | 1 3 9 10 | 10.2
Air Magic      | 2 3 8 10 11 12 | 12.0
Conjurations   | 1 2 7 10 11 | 11.0
Spellcasting   | 2 3 4 5 6 |  6.0
Poison Magic   | 4 |  4.0
Fighting       | 6 7 |  7.3
Armour         | 5 |  5.8
Summonings     | 1 3 4 10 | 10.4
Translocations | 1 3 |  3.0
Ice Magic      | 1 3 5 |  5.0
Shields        | 3 4 |  4.0
Evocations     | 5 |  5.0
Stealth        | 4 |  4.7
Hexes          | 2 5 |  5.0
Throwing       | |  1.0

Action                     |  1- 3 |  4- 6 |  7- 9 | 10-12 | 13-15 || total
---------------------------+-------+-------+-------+-------+-------++-------
  Melee: Dagger            |    29 |       |       |       |       ||    29
         Kick              |    17 |    15 |    25 |   200 |    61 ||   318
         Peck              |     8 |     9 |    16 |   127 |    45 ||   205
         Short sword       |    29 |    30 |       |       |       ||    59
         Flail             |       |    38 |       |       |       ||    38
         Punch             |       |     1 |     1 |     2 |       ||     4
         Quarterstaff      |       |    11 |    61 |       |       ||    72
         Trident           |       |       |    16 |   484 |   119 ||   619
         Unarmed           |       |       |       |       |    29 ||    29
         Staff             |       |       |       |       |     8 ||     8
   Cast: Sting             |    43 |    84 |    31 |    19 |       ||   177
         Shock             |       |       |    51 |   170 |    51 ||   272
         Apportation       |       |       |     2 |       |       ||     2
         Mephitic Cloud    |       |       |     1 |    42 |    13 ||    56
         Summon Small Mamm |       |       |       |    12 |       ||    12
         Freezing Cloud    |       |       |       |    14 |    21 ||    35
         Kiss of Death     |       |       |       |     3 |       ||     3
         Vhi's Electric Ch |       |       |       |     2 |       ||     2
         Summon Mana Viper |       |       |       |       |     8 ||     8
  Evoke: Wand              |       |       |       |     4 |     2 ||     6
    Use: Scroll            |       |     1 |     9 |    16 |     4 ||    30
         Potion            |       |       |     2 |     5 |       ||     7
   Stab: Sleeping          |       |     2 |       |     3 |     3 ||     8
         Confused          |       |       |     2 |    29 |     7 ||    38
         Invisible         |       |       |       |     4 |       ||     4
         Distracted        |       |       |       |     1 |     2 ||     3
 Armour: Leather armour    |    16 |    34 |     2 |       |       ||    52
         Ring mail         |       |       |     9 |    26 |       ||    35
         Steam dragon scal |       |       |       |    45 |    18 ||    63
  Dodge: Dodged            |    39 |    76 |    84 |   615 |   188 ||  1002
  Block: Buckler           |       |       |       |   219 |    69 ||   288

Table legend: (Time is in decaauts)
 A = Elapsed time spent in this place.
 B = Non-inter-level travel time spent in this place.
 C = Inter-level travel time spent in this place.
 D = Time resting spent in this place.
 E = Time spent auto-exploring this place.
 F = Levels seen in this place.
 G = Mean time per level.
                   A        B        C        D        E       F      G
               +--------+--------+--------+--------+--------+-----+--------+
         Total |  27216 |  24785 |   2431 |   7891 |  11567 |  16 | 1701.0 |
       Dungeon |  17567 |  15633 |   1934 |   4114 |   8279 |  10 | 1756.7 |
        Temple |      1 |      1 |      0 |      0 |      0 |   1 |    1.0 |
          Lair |   9647 |   9152 |    495 |   3777 |   3287 |   5 | 1929.4 |
               +--------+--------+--------+--------+--------+-----+--------+

Top non-repeatable levels by time:
  Lair:3: 4210 daAuts
     D:8: 3344 daAuts
     D:1: 2173 daAuts
     D:7: 2028 daAuts
  Lair:4: 1969 daAuts
  Lair:2: 1870 daAuts
     D:4: 1706 daAuts
  Lair:1: 1509 daAuts
     D:3: 1461 daAuts
     D:9: 1457 daAuts
     D:5: 1442 daAuts
    D:10: 1407 daAuts
     D:6: 1369 daAuts
     D:2: 1177 daAuts
  Lair:5: 86 daAuts
